[Event "*** Titled Tuesday Blitz"]
[Site "Chess.com"]
[Date "2020.05.12"]
[Round "8"]
[White "Durarbayli"]
[Black "Mr_Sinigami"]
[Result "1-0"]
[WhiteElo "2790"]
[BlackElo "2607"]
[TimeControl "180+1"]
[EndTime "11:32:01 PDT"]
[Termination "Durarbayli won by resignation"]

1. e4 c5 2. b3 Nc6 3. Bb2 Nf6 4.
e5 Nd5 5. Nf3 e6 6. c4 Nde7 7. Nc3 Nf5 8. Ne4 d5 9. exd6 Nxd6 10.
Nxc5 Nxc4 11. bxc4 Bxc5 12. Bxg7 Rg8 13. Bc3 e5 14.
Qc2 Qf6 15. Qxh7 Rh8 16. Qc2 Bf5 17. Bd3 Bxd3 18. Qxd3 Rd8 19. Qe4 Bd4 20. O-O Bxc3 21. dxc3 Rg8 22. Rfe1 Kf8 23. Nxe5 Nxe5 24. Qxe5 Qxe5 25.
Rxe5 Rg4 26. Rb5 b6 27. c5 Rg5 28. h4 Re5 29. Rab1 bxc5 30. Rb8 Rxb8 31. Rxb8+ Kg7 32.
Rb7 Re1+ 33. Kh2 Re2 34. f3 Rxa2 35. Rc7 Ra5 36. g4 Kf6 37. Kg3 Ke6 38. h5 Kf6 39. c4 1-0

[Event "*** Titled Tuesday Blitz"]
[Site "Chess.com"]
[Date "2020.05.12"]
[Round "8"]
[White "barbara25"]
[Black "cukin84"]
[Result "1-0"]
[WhiteElo "2301"]
[BlackElo "2124"]
[TimeControl "180+1"]
[EndTime "11:32:01 PDT"]
[Termination "barbara25 won by resignation"]

1. e4 c6 2. d4 d5 3. f3 Nf6 4. Nc3 e6 5. Nge2 Bb4 6. a3 Ba5 7. Bg5 h6 8. Bh4 g5 9. Bg3 dxe4 10. fxe4 Nxe4 11. Qd3 Nxc3 12. Nxc3 Bc7 13. Bf2 Nd7 14. O-O-O Nf6 15. Be2 Nd5 16. Bf3 Qf6 17. Nxd5 cxd5 18. Bg3 Bxg3 19. hxg3 Bd7 20. Kb1 O-O-O 21. c4 Bc6 22. c5 Kb8 23. Rhf1 Qg7 24. Ka1 a6 25. Qb3 f5 26. Be2 Ka8 27. Qb6 Rc8 28. g4 f4 29.
Rf3 Qc7 30. Qb4 Rhe8 31. Bd3 e5 32. dxe5 Rxe5 33. Bf5 Rb8 34. Rh3 Bd7 35. Bxd7 Qxd7 36. Rxh6 Qxg4 37. Rc1 Re4 38. Qb3 Qxg2 39. Rb6 Re3 40.
Qa4 Qe2 41. c6 Re4 42. Qa5 Rc4 43. Rxa6+ 1-0

[Event "*** Titled Tuesday Blitz"]
[Site "Chess.com"]
[Date "2020.05.12"]
[Round "8"]
[White "wonderfultime"]
[Black "maciek_92"]
[Result "1-0"]
[WhiteElo "2938"]
[BlackElo "2644"]
[TimeControl "180+1"]
[EndTime "11:32:02 PDT"]
[Termination "wonderfultime won by resignation"]

1. d4 Nf6 2. Nf3 e6 3. c4 b6 4. a3 Bb7 5. Nc3 d5 6. Bg5 Nbd7 7. cxd5 exd5 8. g3 a6 9. Bg2 Bd6 10. O-O O-O 11. Rc1 Re8 12. Qc2 Nf8 13. Nh4 Ne6 14. Bxf6 Qxf6 15. e3 c6 16. Rfd1 g6 17.
Ne2 Ng5 18. Qb3 b5 19. Nf4 Re7 20. Nd3 Rae8 21. Qc2 Ne4 22. Nf3 Rc7 23. Nd2 Nxd2 24. Rxd2 Bc8 25. Qd1 a5 26. Rdc2 Bd7 27. Bxd5 cxd5 28.
Rxc7 Bxc7 29. Rxc7 Bf5 30. Ne5 Rxe5 31. dxe5 Qxe5 32.
Rc3 Qe4 33. f3 Qe6 34. Qd4 g5 35. Rc5 f6 36. Qxd5 1-0

[Event "*** Titled Tuesday Blitz"]
[Site "Chess.com"]
[Date "2020.05.12"]
[Round "8"]
[White "MarcoRiehle"]
[Black "Shield12"]
[Result "0-1"]
[WhiteElo "2621"]
[BlackElo "2803"]
[TimeControl "180+1"]
[EndTime "11:32:02 PDT"]
[Termination "Shield12 won by resignation"]

1. e4 c5 2. a3 g6 3. h4 h6 4. h5 g5 5. Nc3 Bg7 6. Bc4 Nc6 7. d3 e6 8. f4 gxf4 9. Bxf4 d6 10. Nf3 a6 11. a4 Nf6 12. Qe2 Ng4 13. O-O-O Qe7 14. Rhf1 Bd7 15. d4 cxd4 16. Nxd4 Bxd4 17.
Qxg4 O-O-O 18. Qe2 Be5 19. Bxe5 Nxe5 20. Bxa6 Bc6 21. Bb5 Rhg8 22. Bxc6 bxc6 23. Kb1 Qb7 24. Rd2 Rg3 25. Na2 Ra3 26. b3 Rxa4 27. Nc3 Rb4 28. Qd1 Nc4 29. Rd4 Ne3 30. Rxb4 Qxb4 31. Na2 Qb5 32.
c4 Qe5 33. Qf3 Nxf1 34. Qxf1 Qxe4+ 35. Kb2 Qe5+ 36. Kb1 Qf5+ 37. Qxf5 exf5 0-1

[Event "*** Titled Tuesday Blitz"]
[Site "Chess.com"]
[Date "2020.05.12"]
[Round "8"]
[White "oneshot007"]
[Black "abykhovsky"]
[Result "1-0"]
[WhiteElo "2426"]
[BlackElo "2672"]
[TimeControl "180+1"]
[EndTime "11:32:02 PDT"]
[Termination "oneshot007 won by resignation"]

1. e4 c5 2. Nf3 d6 3. d4 cxd4 4. Nxd4 Nf6 5. Nc3 Nc6 6. Bc4 e6 7. Bb3 Be7 8. Be3 Bd7 9. f4 Rc8 10. O-O Nxd4 11. Bxd4 Bc6 12. Qe1 O-O 13. a4 a6 14. a5 Qc7 15. f5 e5 16. Bb6 Qb8 17.
Rd1 Nd7 18. Rf3 Nxb6 19. axb6 Bf6 20. Bd5 Kh8 21. Rh3 h6 22. Qe2 Rce8 23. Bxc6 bxc6 24. Qxa6 Rd8 25. Rhd3 Rd7 26. Na4 Rfd8 27. Nc5 Re7 28.
b7 d5 29. Qb6 Qc7 30. Qxc7 Rxc7 31. exd5 e4 32. Nxe4 Rxb7 33. Nxf6 1-0

[Event "*** Titled Tuesday Blitz"]
[Site "Chess.com"]
[Date "2020.05.12"]
[Round "8"]
[White "attack2mateU"]
[Black "IMTominho"]
[Result "0-1"]
[WhiteElo "2626"]
[BlackElo "2830"]
[TimeControl "180+1"]
[EndTime "11:32:03 PDT"]
[Termination "IMTominho won by resignation"]

1. e4 e5 2. Nf3 Nf6 3. Nxe5 d6 4. Nf3 Nxe4 5. d4 Be7 6. Bd3 Nf6 7. O-O O-O 8. c4 Bg4 9. h3 Bh5 10. Be3 d5 11.
Nc3 dxc4 12. Bxc4 Nbd7 13. g4 Bg6 14. Ne5 Nxe5 15. dxe5 Ne4 16. Nd5 Bc5 17. Qf3 c6 18.
Nf4 Nd2 19. Bxd2 Qxd2 20. Nxg6 hxg6 21. Rad1 Qxb2 22. Rd7 Qxe5 23. Rxf7 Kh7 24. Kg2 Rxf7 25. Bxf7 Rf8 26. Qb3 Qf4 27. Bc4 Bd6 0-1

[Event "*** Titled Tuesday Blitz"]
[Site "Chess.com"]
[Date "2020.05.12"]
[Round "8"]
[White "harkerchess"]
[Black "CzechmVIII"]
[Result "1-0"]
[WhiteElo "2006"]
[BlackElo "2213"]
[TimeControl "180+1"]
[EndTime "11:32:03 PDT"]
[Termination "harkerchess won by checkmate"]

1. d4 Nf6 2. Bg5 c5 3. d5 Ne4 4.
Bf4 Qb6 5. Bc1 e6 6. f3 Nf6 7. e4 Bd6 8. Nd2 exd5 9. exd5 O-O 10. Nc4 Re8+ 11. Be2 Qc7 12. a4 Bxh2 13. Kf1 Bxg1 14. Kxg1 d6 15. Bf4 Rd8 16. Qe1 b6 17. Qg3 Ne8 18.
Qh4 Nf6 19. Bg5 Nbd7 20. Bf4 Ne5 21. Bxe5 dxe5 22. d6 Rxd6 23. Nxd6 Qxd6 24. Rd1 Qe7 25. Bd3 h6 26. Be4 Bb7 27. Bxb7 Qxb7 28. Qg3 Qe7 29. Rxh6 e4 30. Rh1 exf3 31. Qxf3 Re8 32. Kf1 Qe4 33. Qxe4 Rxe4 34. b3 Kf8 35. Rh3 Ke7 36. Rhd3 Rf4+ 37. Ke2 Rg4 38. Kf3 Rg5 39. Re3+ Kf8 40. Rd8+ Ne8 41. Rdxe8# 1-0

[Event "*** Titled Tuesday Blitz"]
[Site "Chess.com"]
[Date "2020.05.12"]
[Round "8"]
[White "Didici"]
[Black "Yaacovn"]
[Result "1-0"]
[WhiteElo "2647"]
[BlackElo "2823"]
[TimeControl "180+1"]
[EndTime "11:32:04 PDT"]
[Termination "Didici won by resignation"]

1. d4 Nf6 2. c4 e5 3. dxe5 Ne4 4.
a3 d6 5. exd6 Bxd6 6. Nf3 Nxf2 7. Qd4 Nxh1 8. Qxg7 Rf8 9. Qxh7 Ng3 10. c5 Bf5 11.
Qh6 Nxf1 12. cxd6 Qxd6 13. Qxd6 cxd6 14. Kxf1 Nc6 15. Nc3 O-O-O 16. Bf4 d5 17. Nb5 Kd7 18. Nd6 Be4 19. Nxb7 Ke6 20. Nxd8+ Rxd8 21. Rc1 d4 22. Ng5+ Kf5 23. Nxe4 Kxe4 24. Bc7 Rc8 25. Rxc6 Kd5 26. Rc2 f5 27. Kf2 Ke4 28. h4 f4 29. b4 a6 30.
Rc5 Re8 31. Re5+ Rxe5 32. Bxe5 Kxe5 33. Kf3 Kf5 34. h5 Kg5 35. h6 d3 36. exd3 1-0

[Event "*** Titled Tuesday Blitz"]
[Site "Chess.com"]
[Date "2020.05.12"]
[Round "8"]
[White "Grineva_Marianna"]
[Black "Buffy7"]
[Result "0-1"]
[WhiteElo "2142"]
[BlackElo "2661"]
[TimeControl "180+1"]
[EndTime "11:32:04 PDT"]
[Termination "Buffy7 won by checkmate"]

1. d4 Nf6 2. c4 e6 3. Nc3 Bb4 4. e3 b6 5. Ne2 Bb7 6. a3 Bd6 7. f3 c5 8. d5 exd5 9. cxd5 a6 10. e4 O-O 11. Be3 Re8 12. Qd2 b5 13. Ng3 Bxg3+ 14.
hxg3 d6 15. O-O-O Nbd7 16. Rh4 Ne5 17. Be2 b4 18. Nb1 a5 19. Rdh1 c4 20. Bg5 Ng6 21. Rxh7 Rc8 22. Kd1 Ba6 23. Qd4 Re5 24. Bd2 Nxh7 25.
f4 Re8 26. axb4 Qe7 27. Bf3 Nf6 28. Re1 c3 29. Bxc3 Rc4 30. Qd2 Nxe4 31. Bxe4 Rxe4 32. Rxe4 Qxe4 33. bxa5 Qxb1+ 34. Qc1 Be2+ 35. Kd2 Qd3+ 36. Ke1 Bf3+ 37. Kf2 Qe2+ 38. Kg1 Qxg2# 0-1

[Event "*** Titled Tuesday Blitz"]
[Site "Chess.com"]
[Date "2020.05.12"]
[Round "8"]
[White "MartinMatthiesen"]
[Black "BabyFacedAssasin"]
[Result "1-0"]
[WhiteElo "2405"]
[BlackElo "2255"]
[TimeControl "180+1"]
[EndTime "11:32:05 PDT"]
[Termination "MartinMatthiesen won by resignation"]

1. d4 f5 2. Nf3 Nf6 3. g3 g6 4. Bg2 Bg7 5. O-O O-O 6. b3 d6 7.
Bb2 c6 8. Nbd2 Nbd7 9. Re1 Qc7 10. e4 fxe4 11. Nxe4 Nxe4 12. Rxe4 e5 13. dxe5 Nxe5 14.
Nxe5 Bxe5 15. Bxe5 dxe5 16. Qe2 Bf5 17. Rxe5 Bxc2 18. Re7 Qd6 19. Rxb7 Qd4 20. Re1 Bd3 21. Qe6+ Kh8 22. Qe5+ Qxe5 23. Rxe5 Rae8 24. Rxe8 Rxe8 25.
Bxc6 Re2 26. Rxa7 g5 27. h3 h5 28. Ra5 Rc2 29. Bf3 Rc1+ 30. Kh2 Rc2 31. Kg2 1-0

[Event "*** Titled Tuesday Blitz"]
[Site "Chess.com"]
[Date "2020.05.12"]
[Round "8"]
[White "kismet6"]
[Black "DanilNajdin"]
[Result "0-1"]
[WhiteElo "1940"]
[BlackElo "2289"]
[TimeControl "180+1"]
[EndTime "11:32:05 PDT"]
[Termination "DanilNajdin won on time"]

1. e4 e5 2. Nf3 Nc6 3. Bc4 Nf6 4. Ng5 d5 5. exd5 Na5 6. Bb5+ c6 7. dxc6 bxc6 8. Be2 h6 9. Nf3 e4 10. Ne5 Bd6 11. d4 exd3 12. Nxd3 Qc7 13. Nc3 O-O 14. h3 Rb8 15. O-O c5 16. b3 c4 17. bxc4 Nxc4 18.
Bf3 Rd8 19. Rb1 Rxb1 20. Nxb1 Ne5 21. Nxe5 Bxe5 22. Qe2 Bf5 23. Re1 Bd6 24. Nd2 Qxc2 25. Ne4 Bxe4 26. Bxe4 Qxe2 27. Rxe2 Bc7 28. Bf4 Bxf4 0-1

[Event "*** Titled Tuesday Blitz"]
[Site "Chess.com"]
[Date "2020.05.12"]
[Round "8"]
[White "canary2016"]
[Black "GMJustin"]
[Result "0-1"]
[WhiteElo "1961"]
[BlackElo "2343"]
[TimeControl "180+1"]
[EndTime "11:32:07 PDT"]
[Termination "GMJustin won by checkmate"]

1. Nf3 g6 2. g3 Bg7 3. Bg2 e5 4.
d3 d5 5. O-O c5 6. e4 d4 7. c3 Nc6 8. Bg5 f6 9. Bd2 Nge7 10.
Qb3 Qb6 11. Na3 Na5 12. Qxb6 axb6 13. Nb5 O-O 14. cxd4 cxd4 15. Rac1 Bd7 16. Nd6 Nc8 17. Bxa5 Rxa5 18. Nxb7 Rxa2 19. Rc7 Be6 20. Rfc1 Rxb2 21.
R1c6 Rb1+ 22. Bf1 Bh3 23. Nd2 Rd1 24. Rc2 Bh6 25. f4 exf4 26. gxf4 Bxf4 27. Rxc8 Rxc8 28. Rxc8+ Bxc8 29. Nc4 Bh3 30. Kf2 Rxf1+ 31. Ke2 Rh1 32.
Nxb6 Bg4+ 33. Kf2 Rxh2+ 34. Kg1 Rb2 35. Nd7 Be3+ 36. Kf1 Bf3 37. Nxf6+ Kh8 38. e5 Rb1# 0-1

[Event "*** Titled Tuesday Blitz"]
[Site "Chess.com"]
[Date "2020.05.12"]
[Round "8"]
[White "Belka1989"]
[Black "CuattroPrincesses"]
[Result "1-0"]
[WhiteElo "2130"]
[BlackElo "2262"]
[TimeControl "180+1"]
[EndTime "11:32:07 PDT"]
[Termination "Belka1989 won on time"]

1. e4 c5 2. Nf3 d6 3. d4 cxd4 4. Nxd4 Nf6 5. f3 a6 6. c4 e6 7.
Nc3 Be7 8. Be3 O-O 9. Be2 b6 10. O-O Bb7 11. Rb1 Nbd7 12. b4 Rc8 13. Qd2 Qc7 14. Rfc1 Qb8 15. Qe1 Ne5 16. Na4 Bd8 17.
Qf2 Bc7 18. b5 a5 19. Nb3 d5 20. exd5 exd5 21. Bxb6 Nxc4 22. g3 Rfe8 23. Bxc7 Qxc7 24. Nd2 Qe5 25. Bxc4 dxc4 26. Nxc4 Qh5 27. Nd6 Rxc1+ 28. Rxc1 Bxf3 29. Nxe8 Nxe8 30. Re1 Nf6 31.
b6 h6 32. Nc5 Ng4 33. Qxf3 Qxc5+ 34. Kg2 1-0

[Event "*** Titled Tuesday Blitz"]
[Site "Chess.com"]
[Date "2020.05.12"]
[Round "8"]
[White "Norival"]
[Black "KaterinaMiroshnik"]
[Result "1-0"]
[WhiteElo "2652"]
[BlackElo "2457"]
[TimeControl "180+1"]
[EndTime "11:32:13 PDT"]
[Termination "Norival won by resignation"]

1. d4 d6 2. e4 Nd7 3. Nc3 e5 4. g3 Ngf6 5. Bg2 Be7 6. Nge2 O-O 7. O-O c6 8. a4 Re8 9. h3 Bf8 10.
Re1 Qc7 11. Be3 b6 12. g4 Kh8 13. Ng3 Bb7 14. g5 Ng8 15. h4 Rad8 16. d5 cxd5 17. Nxd5 Qb8 18. a5 Ne7 19. axb6 axb6 20. Nxb6 Nc5 21. b4 Ne6 22. c4 g6 23. Nd5 Nxd5 24.
exd5 Nc7 25. Ne4 Bg7 26. b5 Bc8 27. Ra4 Bf5 28. Qd2 Na8 29. Ra6 Bc8 30. Rc6 Bb7 31.
Nc3 Bxc6 32. dxc6 Nb6 33. Bxb6 Qxb6 34. Nd5 Qc5 35. c7 Rc8 36. b6 Qxc4 37. Rc1 Qa6 38. Qb4 Qb7 39. Nf6 Bxf6 40. Bxb7 1-0

[Event "*** Titled Tuesday Blitz"]
[Site "Chess.com"]
[Date "2020.05.12"]
[Round "8"]
[White "Zmeeed63"]
[Black "Oligan22"]
[Result "0-1"]
[WhiteElo "2195"]
[BlackElo "2387"]
[TimeControl "180+1"]
[EndTime "11:32:15 PDT"]
[Termination "Oligan22 won by resignation"]

1. d4 d5 2. c4 dxc4 3. e3 Nf6 4.
Bxc4 a6 5. Nf3 e6 6. O-O c5 7.
e4 cxd4 8. e5 Nfd7 9. Qxd4 Nc6 10.
Qf4 Qc7 11. Qg3 Ndxe5 12. Bf4 Nxf3+ 13. gxf3 Qa5 14. Rd1 h5 15. Bd6 Bxd6 16. Qxd6 Qg5+ 17. Kh1 Qe7 18. Qg3 O-O 19. Rg1 Qf6 20. Nc3 h4 21.
Qg2 Ne5 22. Ne4 Qxf3 23. Qxf3 Nxf3 24. Nf6+ Kh8 25. Rg4 gxf6 26. Rf4 Ne5 27. Rg1 Ng6 28. Rxf6 Kg7 29. Rf4 Rh8 30. Bd3 e5 31. Rc4 Be6 32. Rc7 Bd5+ 0-1

[Event "*** Titled Tuesday Blitz"]
[Site "Chess.com"]
[Date "2020.05.12"]
[Round "8"]
[White "FairChess_on_YouTube"]
[Black "StephenDedalus83"]
[Result "1-0"]
[WhiteElo "3060"]
[BlackElo "2733"]
[TimeControl "180+1"]
[EndTime "11:32:16 PDT"]
[Termination "FairChess_on_YouTube won by resignation"]

1. Nf3 g6 2. e4 Bg7 3. d4 d6 4. Bc4 e6 5. O-O Ne7 6. Bb3 a6 7. c3 b6 8. Re1 Bb7 9. Nbd2 Nd7 10. Nf1 c5 11. Ng3 Qc7 12. Bf4 Rd8 13. Rc1 O-O 14. Qd2 e5 15. Bh6 c4 16. Bc2 f6 17. h4 Rfe8 18. h5 Bxh6 19. Qxh6 g5 20. dxe5 dxe5 21. Rcd1 Rf8 22. Nxg5 fxg5 23. Qxg5+ Kf7 24. Re3 Rg8 25.
Rf3+ Ke8 26. Qh6 Nf8 27. Qf6 Rxd1+ 28. Bxd1 Nd7 29. Qf7+ Kd8 30. Nf5 Nc5 31. Nxe7 Re8 32. Nd5 Qxf7 33. Rxf7 Bxd5 34. exd5 Re7 35. Rf6 Rd7 36.
d6 Rg7 37. h6 Rg8 38. Rf7 Rg6 39. Rxh7 Rxd6 40. Bg4 Nd3 41. Rd7+ Rxd7 42. Bxd7 1-0

[Event "*** Titled Tuesday Blitz"]
[Site "Chess.com"]
[Date "2020.05.12"]
[Round "8"]
[White "AttilaTurzo"]
[Black "NikolaGry"]
[Result "1-0"]
[WhiteElo "2503"]
[BlackElo "2623"]
[TimeControl "180+1"]
[EndTime "11:32:16 PDT"]
[Termination "AttilaTurzo won on time"]

1. e4 e5 2. Nf3 d6 3. d4 exd4 4. Nxd4 Nf6 5. Nc3 g6 6. Be3 Bg7 7. Qd2 O-O 8. O-O-O Re8 9. f3 Nc6 10. g4 Nxd4 11. Bxd4 Be6 12. h4 c5 13. Be3 Qa5 14. Kb1 b5 15. Nd5 b4 16. Bc4 Nd7 17. Bh6 Bh8 18. Ne3 Nb6 19. Bxe6 Rxe6 20. Nf5 Bxb2 21. Nxd6 Bc3 22. Qc1 Rxd6 23. Rxd6 Nc4 24. Qd1 Na3+ 25. Kc1 1-0

[Event "*** Titled Tuesday Blitz"]
[Site "Chess.com"]
[Date "2020.05.12"]
[Round "8"]
[White "CMS13"]
[Black "S_Kalvaitis"]
[Result "1-0"]
[WhiteElo "2184"]
[BlackElo "2355"]
[TimeControl "180+1"]
[EndTime "11:32:16 PDT"]
[Termination "CMS13 won by resignation"]

1. e4 e6 2. d4 d5 3. Nc3 Bb4 4. Ne2 dxe4 5. a3 Bxc3+ 6. Nxc3 Nc6 7. Bb5 Ne7 8. Nxe4 Qd5 9. Qe2 O-O 10. c3 f5 11. Ng5 Qxg2 12. Rf1 Kh8 13. Bf4 Nd5 14. Bg3 f4 15. Bh4 e5 16. O-O-O f3 17. Qe4 Nf6 18.
Qxf3 Qxf3 19. Nxf3 exd4 20. Nxd4 Nxd4 21. Rxd4 Bf5 22.
Bd3 c5 23. Rd6 Ne8 24. Rd5 Nc7 25. Rxf5 Rxf5 26. Bxf5 Rf8 27. Bd3 Nd5 28. Bg3 b6 29.
Kc2 Re8 30. Kd2 Rd8 31. Ke2 Re8+ 32. Kf3 Rd8 33. Be4 Nf6 34. Re1 Rd2 35. b4 Kg8 36. Bh4 Nd7 37. Bc6 Rd3+ 38. Kg2 Kf7 39. Re7+ Kg6 40.
Be4+ 1-0

[Event "*** Titled Tuesday Blitz"]
[Site "Chess.com"]
[Date "2020.05.12"]
[Round "8"]
[White "realmadridtv"]
[Black "Dinamo81"]
[Result "1/2-1/2"]
[WhiteElo "2464"]
[BlackElo "2610"]
[TimeControl "180+1"]
[EndTime "11:32:18 PDT"]
[Termination "Game drawn by repetition"]

1. d4 d5 2. c4 e6 3. g3 a6 4. Nd2 c5 5. Bg2 Nf6 6. Ngf3 Nc6 7. dxc5 Bxc5 8. O-O O-O 9. a3 Re8 10. b4 Bf8 11.
Bb2 a5 12. b5 Nb8 13. Ne5 Nbd7 14. Ndf3 Nc5 15. Qc2 Nfe4 16. Rad1 f6 17. Nd3 Qb6 18.
cxd5 exd5 19. a4 Nxd3 20. Rxd3 Be6 21. Nd4 Rac8 22. Qb3 Nc5 23. Qa2 Nxd3 24. Nxe6 Nb4 25. Bxd5 Nxa2 26. Nd8+ Kh8 27. Nf7+ Kg8 28. Nd8+ Kh8 29.
Nf7+ Kg8 30. Nh6+ Kh8 31. Nf7+ 1/2-1/2

[Event "*** Titled Tuesday Blitz"]
[Site "Chess.com"]
[Date "2020.05.12"]
[Round "8"]
[White "Meri-Arabidze"]
[Black "Grandelicious"]
[Result "0-1"]
[WhiteElo "2586"]
[BlackElo "2745"]
[TimeControl "180+1"]
[EndTime "11:32:20 PDT"]
[Termination "Grandelicious won by resignation"]

1. d4 Nf6 2. c4 e6 3. Nf3 a6 4. Nc3 d5 5. cxd5 exd5 6. Bf4 Bd6 7.
Bg3 O-O 8. e3 Bg4 9. Bd3 Re8 10.
Qc2 Nc6 11. Be2 Nb4 12. Qd1 Ne4 13. a3 Nxc3 14. bxc3 Nc6 15. O-O Na5 16. Ne5 Bxe2 17. Qxe2 Bxe5 18. dxe5 Qe7 19. f4 Rad8 20. f5 Nc4 21. f6 Qe6 22. fxg7 Nxe5 23. Bh4 Rd6 24. Bf6 Qg4 25. Qf2 Nd3 26. Qc2 Rxe3 27. h3 Qe4 28.
Qd1 Re2 29. Rf3 Rxf6 30. Qxd3 Rxf3 31. Qxf3 Qxf3 32. gxf3 Kxg7 33. Rb1 b6 34. Rd1 c6 35. a4 Re3 36. c4 dxc4 37. Rd6 Re6 0-1

[Event "*** Titled Tuesday Blitz"]
[Site "Chess.com"]
[Date "2020.05.12"]
[Round "8"]
[White "Korchmar_Vasiliy"]
[Black "Konavets"]
[Result "0-1"]
[WhiteElo "2640"]
[BlackElo "2934"]
[TimeControl "180+1"]
[EndTime "11:32:22 PDT"]
[Termination "Konavets won on time"]

1. d4 f5 2. Nf3 g6 3. g3 Nf6 4.
Bg2 Bg7 5. O-O O-O 6. c4 d6 7.
Nc3 Nc6 8. d5 Ne5 9. Nxe5 dxe5 10. b3 h6 11. Bb2 g5 12. Qc2 Qe8 13. Nb5 Qh5 14. Nxc7 f4 15. Ne6 Bxe6 16. dxe6 g4 17. Bxb7 f3 18. exf3 gxf3 19. Rfe1 Rab8 20. Rxe5 Qg4 21.
h3 Qxh3 22. Bxf3 Ng4 23. Bxg4 Qxg4 24. Re4 Qg6 25. Bxg7 Kxg7 26. Qc3+ Kh7 27. Qe3 Rf6 28. Rd1 Rbf8 29. Rd2 Rf3 30. Qd4 h5 31. Rh4 R8f5 32. Qe4 Kg7 33. b4 Qg5 34. Qd4+ Kh7 35. c5 Re5 36. Kg2 Ree3 37. Rxh5+ Qxh5 38. fxe3 Kg8 39. Qh4 Qf5 40. Re2 Rf1 0-1

[Event "*** Titled Tuesday Blitz"]
[Site "Chess.com"]
[Date "2020.05.12"]
[Round "8"]
[White "sergiochess83"]
[Black "Arjun2002"]
[Result "1-0"]
[WhiteElo "2823"]
[BlackElo "2668"]
[TimeControl "180+1"]
[EndTime "11:32:23 PDT"]
[Termination "sergiochess83 won by resignation"]

1. e4 c5 2. Nf3 Nc6 3. Bb5 e6 4. Bxc6 bxc6 5. d3 Ne7 6. Qe2 d6 7. e5 Nf5 8. exd6 Bxd6 9. Nc3 O-O 10. O-O Nd4 11. Qd1 e5 12. Nd2 f5 13. f3 Be6 14.
Nc4 Bc7 15. Be3 Qf6 16. b3 Rad8 17. Qd2 Qg6 18. Qf2 Bd5 19. Kh1 e4 20. f4 exd3 21. cxd3 Rfe8 22. Nxd5 cxd5 23. Ne5 Bxe5 24. fxe5 Ne6 25.
Bxc5 d4 26. Bd6 f4 27. Qf3 Rc8 28. Rac1 Rc3 29. Rxc3 dxc3 30. Qc6 c2 31. Qxc2 f3 32. Rxf3 Qh5 33. Qc4 Kh8 34. Qxe6 1-0

[Event "*** Titled Tuesday Blitz"]
[Site "Chess.com"]
[Date "2020.05.12"]
[Round "8"]
[White "Fins0905"]
[Black "plumalka"]
[Result "1-0"]
[WhiteElo "2614"]
[BlackElo "2450"]
[TimeControl "180+1"]
[EndTime "11:32:23 PDT"]
[Termination "Fins0905 won by resignation"]

1. Nf3 c5 2. c4 Nc6 3. Nc3 e5 4. g3 g6 5. Bg2 Bg7 6. O-O Nge7 7. Ne1 d6 8. Nc2 Be6 9. Ne3 a6 10. Ned5 O-O 11. d3 Rb8 12. a4 Bxd5 13. Nxd5 Nxd5 14.
Bxd5 Nb4 15. Bg2 f5 16. Bd2 Nc6 17. Bd5+ Kh8 18. Bc3 Ne7 19. Bg2 b5 20. axb5 axb5 21. cxb5 Rxb5 22. Ra7 d5 23. Qa4 Rb8 24. Rd7 Qe8 25.
Qa7 Nc6 26. Qc7 Rc8 27. Qb7 Rb8 28. Qxc6 d4 29. Ba5 Rf6 30. Qc7 Rc8 31. Qa7 Ra8 32. Bxa8 1-0

[Event "*** Titled Tuesday Blitz"]
[Site "Chess.com"]
[Date "2020.05.12"]
[Round "8"]
[White "vladimir_petrov"]
[Black "ehrenfeld"]
[Result "0-1"]
[WhiteElo "2313"]
[BlackElo "2493"]
[TimeControl "180+1"]
[EndTime "11:32:23 PDT"]
[Termination "ehrenfeld won by resignation"]

1. e4 e5 2. Nf3 Nc6 3. Nc3 Nf6 4.
d4 exd4 5. Nxd4 Bc5 6. Be3 Bb6 7. Nxc6 bxc6 8. e5 Bxe3 9. fxe3 Nd5 10. Nxd5 cxd5 11. Qd4 O-O 12. O-O-O Qe7 13. Qxd5 Rb8 14. Bc4 Bb7 15. Qxd7 Qxe5 16. Rhf1 Bxg2 17. Rxf7 Qxb2+ 18. Kd2 Qb4+ 19. Kc1 Qb2+ 20. Kd2 Qb4+ 21. c3 Qb2+ 22. Ke1 Qxc3+ 23. Kf2 Qxc4 24. Rxf8+ Rxf8+ 25. Kxg2 Qe2+ 0-1

[Event "*** Titled Tuesday Blitz"]
[Site "Chess.com"]
[Date "2020.05.12"]
[Round "8"]
[White "Megagigahiper3345"]
[Black "Leonid_Starozhilov"]
[Result "1-0"]
[WhiteElo "2523"]
[BlackElo "2639"]
[TimeControl "180+1"]
[EndTime "11:32:24 PDT"]
[Termination "Megagigahiper3345 won by resignation"]

1. d4 Nf6 2. c4 g6 3. Nc3 Bg7 4. e4 d6 5. Be2 O-O 6. Be3 Nc6 7. d5 Ne5 8. Nf3 Nxf3+ 9. Bxf3 e5 10. g4 c6 11. h4 cxd5 12. cxd5 Qa5 13. h5 b5 14. Kf1 b4 15. Nb1 Ba6+ 16. Kg2 Qb5 17. Qg1 Qd7 18. Kg3 Bc8 19. Rh4 Nxe4+ 20. Bxe4 f5 21. hxg6 hxg6 22. gxf5 gxf5 23. Kh2 fxe4 24. Nd2 Qe7 25. Qg3 Bf5 26. Rg1 Rf7 27. Nxe4 Bxe4 28. Rxe4 Raf8 29. Rg4 Qf6 30. Rg6 Qf5 31. Rxg7+ Kh8 32. Qh4+ 1-0

[Event "*** Titled Tuesday Blitz"]
[Site "Chess.com"]
[Date "2020.05.12"]
[Round "8"]
[White "gross-aleks"]
[Black "vinniethepooh"]
[Result "1-0"]
[WhiteElo "2500"]
[BlackElo "2612"]
[TimeControl "180+1"]
[EndTime "11:32:24 PDT"]
[Termination "gross-aleks won by resignation"]

1. c4 Nf6 2. Nf3 e6 3. b3 d5 4. Bb2 Be7 5. cxd5 exd5 6. e3 O-O 7. Be2 h6 8. O-O Bf5 9. d3 c6 10. a3 Re8 11. Re1 Nbd7 12. Nbd2 Bh7 13. Qc2 Nc5 14. b4 Ne6 15. Nb3 Nd7 16. Bf1 Bf6 17. Rec1 Qb6 18. Bxf6 Nxf6 19. Qc3 Rad8 20. Nfd4 Nxd4 21.
Qxd4 Nd7 22. a4 Qxd4 23. Nxd4 a5 24. bxa5 Ra8 25. Nb3 Ra7 26. d4 Rc8 27. Rc3 Nb8 28. Nc5 Rc7 29. Rb3 Bf5 30. a6 Nxa6 31. Bxa6 bxa6 32.
a5 Ra8 33. Rb6 Bc8 34. Rab1 Kf8 35. Rb8 Raa7 36. R1b6 Ke7 37. f3 f5 38. h4 g5 39.
hxg5 hxg5 40. Kf2 Kf6 41. Nd3 Rab7 42. Rxc8 1-0

[Event "*** Titled Tuesday Blitz"]
[Site "Chess.com"]
[Date "2020.05.12"]
[Round "8"]
[White "Jbd735"]
[Black "m_ezat"]
[Result "0-1"]
[WhiteElo "2440"]
[BlackElo "2597"]
[TimeControl "180+1"]
[EndTime "11:32:25 PDT"]
[Termination "m_ezat won by checkmate"]

1. e4 c6 2. d4 d5 3. Nc3 dxe4 4. Nxe4 Nd7 5. Nf3 Ngf6 6. Nxf6+ Nxf6 7. Bd3 Bg4 8. c3 e6 9. h3 Bh5 10. O-O Be7 11.
Bf4 O-O 12. Be2 c5 13. dxc5 Bxc5 14. Ne5 Qxd1 15. Bxd1 Bxd1 16. Raxd1 Rfd8 17. Nd3 Bb6 18. c4 Ne4 19. Be3 Bxe3 20. fxe3 Rac8 21. Nf2 Nd2 22. Rfe1 Nxc4 23. Rxd8+ Rxd8 24. b3 Ne5 25. Rc1 Nc6 26.
Kf1 Rd2 27. a4 Rb2 28. Rc3 g6 29. Ne4 Na5 30. Rc8+ Kg7 31. Rc7 Nxb3 32. Nd6 Nd2+ 33. Ke1 Kf6 34. Rxf7+ Ke5 35. Nxb7 Ke4 36. Re7 Kxe3 37.
Rxe6+ Ne4 38. Nc5 Rb1# 0-1

[Event "*** Titled Tuesday Blitz"]
[Site "Chess.com"]
[Date "2020.05.12"]
[Round "8"]
[White "Srisshhhtea"]
[Black "fidezivkovic"]
[Result "0-1"]
[WhiteElo "2134"]
[BlackElo "2367"]
[TimeControl "180+1"]
[EndTime "11:32:25 PDT"]
[Termination "fidezivkovic won on time"]

1. d4 Nf6 2. c4 g6 3. Nc3 Bg7 4. e4 d6 5. Bd3 O-O 6. Nge2 c5 7. d5 e6 8. O-O exd5 9. cxd5 a6 10. a4 Re8 11. Qc2 Nbd7 12. f4 Qc7 13. b3 b6 14. Bb2 Ng4 15. Qd2 Bb7 16. h3 Ngf6 17. Rac1 b5 18. axb5 axb5 19. Nxb5 Qb6 20. Nec3 c4+ 21.
Kh1 cxd3 22. Qxd3 Nc5 23. Qc4 Ba6 24. e5 Nfd7 25. e6 Nf6 26. exf7+ Kxf7 27. f5 Kg8 28.
fxg6 hxg6 29. Ra1 Rab8 30. Na4 Qxb5 31. Bxf6 Qxc4 32. bxc4 Bxc4 33. Rf4 Bxd5 34. Bxg7 Kxg7 35. Nxc5 dxc5 36. Ra7+ Rb7 37. Ra5 Rc7 0-1